 Dungeon Crawl Stone Soup version 0.28-a0-1616-g050a50673c (webtiles) character file.

Game seed: 14847061595468452435

491 hashsling the Digger (level 7, 0/41 HPs)
             Began as a Gargoyle Earth Elementalist on Jan 22, 2022.
             Slain by a bullfrog (2 damage)
             ... in a sewer.
             The game lasted 00:11:28 (3786 turns).

hashsling the Digger (Gargoyle Earth Elementalist)  Turns: 3786, Time: 00:11:29

Health: 0/41       AC: 16    Str: 11    XL:     7   Next: 14%
Magic:  11/11      EV:  7    Int: 18    God:
Gold:   89         SH:  0    Dex: 10    Spells: 6/12 levels left

rFire   . . .      SeeInvis .   p - +2 mace (protect)
rCold   . . .      Faith    .   (no shield)
rNeg    + . .      Spirit   .   o - +4 ring mail
rPois   ∞          Reflect  .   i - +0 helmet
rElec   +          Harm     .   a - +0 cloak
rCorr   .          Rampage  .   (no gloves)
Will    .....                   (no boots)
Stlth   +.........              (no amulet)
HPRegen 0.13/turn               (no ring)
MPRegen 0.12/turn               (no ring)

@: constricted, very slow
A: sickness immunity, AC +4, negative energy resistance 1, electricity
resistance, torment resistance 1, petrification resistance
a: no special abilities


You were in a sewer.
You visited 1 branch of the dungeon, and saw 3 of its levels.
You also visited: Sewer.

You collected 89 gold pieces.

Inventory:

Hand Weapons
 p - a +2 mace of protection (weapon)
Missiles
 c - 91 stones
Armour
 a - a +0 cloak (worn)
 i - a +0 helmet (worn)
 o - a +4 ring mail (worn)
Jewellery
 n - an amulet of faith
Wands
 b - a wand of flame (11)
 e - a wand of iceblast (9)
Scrolls
 g - 2 scrolls of blinking {unknown}
 k - a scroll of brand weapon {unknown}
 l - a scroll of magic mapping {unknown}
 s - a scroll of identify {unknown}
 u - a scroll of fog {unknown}
 v - a scroll of teleportation {unknown}
Potions
 d - a potion of berserk rage {unknown}
 f - 2 potions of brilliance {unknown}
 h - a potion of heal wounds {unknown}
 j - a potion of mutation {unknown}
 m - a potion of resistance {unknown}
 q - 2 potions of haste {unknown}
 r - a potion of invisibility {unknown}
 t - a potion of degeneration {unknown}


   Skills:
 + Level 3.4 Fighting
 + Level 3.1 Maces & Flails
 + Level 2.8 Armour
 - Level 2.0 Dodging
 - Level 2.1 Stealth
 - Level 3.0 Spellcasting
 - Level 1.0 Transmutations
 + Level 5.5 Earth Magic


You had 6 spell levels left.
You knew the following spells:

 Your Spells              Type           Power      Damage    Failure   Level
a - Sandblast             Erth           44%        2d11      3%          1
b - Stone Arrow           Conj/Erth      24%        3d8       34%         3
c - Passwall              Tmut/Erth      11%        N/A       14%         2

Your spell library contained the following spells:

 Spells                   Type           Power      Damage    Failure   Level
 Ensorcelled Hibernation  Hex/Ice        4%         N/A       50%         2
 Spider Form              Tmut/Pois      4%         N/A       65%         3
 Petrify                  Tmut/Erth      14%        N/A       67%         4
 Anguish                  Hex/Necr       1%         N/A       98%         4


Dungeon Overview and Level Annotations

Branches:
Dungeon (3/15)              Sewer (1/1)

Altars:
Qazlal

Shops:
D:1 =


Innate Abilities, Weirdness & Mutations

You are immune to sickness and miasma.
Your stone body is resilient. (AC +4)
You are immune to poison.
You resist negative energy. (rN+)
You are resistant to electric shocks. (rElec)
You are resistant to unholy torment.
You are immune to petrification.


Message History

The frilled lizard bites you but does no damage.
The ball python bites you but does no damage.
The frilled lizard bites you but does no damage.
You closely miss the ball python.
The ball python is moderately wounded.
The bullfrog hits you but does no damage.
The ball python bites you but does no damage.
The ball python constricts you.
The ball python bites you but does no damage.
The frilled lizard bites you but does no damage.
The bullfrog hits you but does no damage.
The ball python barely misses you. The frilled lizard barely misses you.
The ball python closely misses you. The ball python constricts you.
You escape the ball python's grasp.
The ball python bites you but does no damage.
The ball python grabs you. The ball python constricts you.
The frilled lizard bites you but does no damage.
The bullfrog hits you but does no damage.
You escape the ball python's grasp.
You enter the shallow water.
Moving in this stuff is going to be slow.
The ball python closely misses you. The ball python barely misses you.
The bullfrog hits you but does no damage.
The frilled lizard bites you but does no damage.
The ball python barely misses you. x4
The bullfrog completely misses you.
The bullfrog hits you but does no damage.
The ball python barely misses you. x2; The frilled lizard closely misses you.
The bullfrog hits you.
* * * LOW HITPOINT WARNING * * *
The ball python bites you but does no damage.
The ball python grabs you. The ball python constricts you.
The ball python bites you but does no damage.
The bullfrog hits you.
* * * LOW HITPOINT WARNING * * *
The ball python bites you but does no damage.
The ball python constricts you.
The ball python bites you but does no damage. x2
The ball python's grasp on you weakens, but your attempt to escape fails.
The bullfrog hits you.
You die...

###################
###..≈≈≈≈≈l≈≈≈≈≈≈≈≈≈#S
##....≈≈≈≈S#≈..≈≈≈≈≈≈≈.
#....≈≈≈≈≈@Fl≈†≈≈≈≈≈≈..
#....≈≈≈≈≈SS≈≈≈≈≈≈≈≈≈≈.
##.....≈≈≈≈≈≈≈≈≈≈≈≈≈≈≈..
#.....#≈≈≈≈≈≈≈≈≈≈≈≈≈≈≈..
#....###################
##...#### #....#..#
#†...'..# #.†.#####


You could see a bullfrog, 3 ball pythons and 2 frilled lizards.

Vanquished Creatures
  A bullfrog (Sewer)
  An orc priest (D:3)
  Crazy Yiuf (D:2)
  Terence (D:2)
  Natasha (twice) (D:2)
  An orc wizard (D:3)
  13 adders
  7 river rats
  4 worms (D:3)
  2 dart slugs (D:1)
  2 orcs (D:3)
  7 endoplasms
  A giant cockroach (D:1)
  4 goblins
  5 hobgoblins
  3 quokkas
  6 ball pythons
  8 bats
  3 frilled lizards (Sewer)
  5 kobolds
  28 rats
105 creatures vanquished.

Notes
Turn   | Place    | Note
-------+----------+-------------------------------------------
     0 | D:1      | hashsling the Gargoyle Earth Elementalist began the quest
                  | for the Orb.
     0 | D:1      | Reached XP level 1. HP: 10/10 MP: 3/3
    85 | D:1      | Reached skill level 1 in Transmutations
   191 | D:1      | Reached XP level 2. HP: 11/15 MP: 3/5
   876 | D:1      | Found Boekeer's Jewellery Shoppe.
  1017 | D:1      | Found a faded altar of an unknown god.
  1379 | D:2      | Reached XP level 3. HP: 19/20 MP: 3/6
  1432 | D:2      | Found a stormy altar of Qazlal.
  1437 | D:2      | Learned a level 3 spell: Stone Arrow
  1440 | D:2      | Learned a level 2 spell: Passwall
  1456 | D:2      | Reached skill level 4 in Earth Magic
  1591 | D:2      | Reached skill level 1 in Fighting
  1787 | D:2      | Reached skill level 1 in Maces & Flails
  1820 | D:2      | Reached XP level 4. HP: 25/25 MP: 4/7
  2030 | D:2      | Noticed Terence
  2059 | D:2      | Killed Terence
  2142 | D:2      | Noticed Natasha
  2146 | D:2      | Killed Natasha
  2233 | D:2      | Found a runed translucent door.
  2234 | D:2      | Noticed Crazy Yiuf
  2240 | D:2      | Killed Crazy Yiuf
  2241 | D:2      | Reached XP level 5. HP: 30/30 MP: 5/9
  2315 | D:2      | Noticed Natasha
  2320 | D:2      | Killed Natasha
  2321 | D:2      | Reached skill level 1 in Armour
  2468 | D:3      | Reached XP level 6. HP: 30/36 MP: 3/10
  2769 | D:3      | Reached skill level 5 in Earth Magic
  2862 | D:3      | Found a glowing drain.
  2870 | Sewer    | Entered a sewer
  3341 | Sewer    | HP: 1/37 [rat (1)]
  3779 | Sewer    | Reached XP level 7. HP: 8/41 MP: 11/11
  3785 | Sewer    | HP: 2/41 [bullfrog (1)]
  3786 | Sewer    | Slain by a bullfrog

Illustrated notes

Levels and vault maps discovered:
D:1:      lemuel_arrival_muddy, layout_loops_ring, serial_shops,
          nicolae_shop_statue_plus, shapermc_ecumenical_altar_mp_vishouse
D:2:      layout_loops_ring, basic_altar, uniq_terence, uniq_crazy_yiuf_cottage,
          uniq_natasha
D:3:      layout_basic, lightli_sewer_entry_pipes, minivault_26,
          lightli_corner_chamber, uniq_jessica
Sewer:    sewer_minmay_w

Skill      XL: |  1  2  3  4  5  6 |
---------------+-------------------+-----
Transmutations | 1 |  1.0
Earth Magic    | 4 5 |  5.5
Fighting       | 1 2 3 |  3.4
Dodging        | 2 |  2.0
Maces & Flails | 1 2 3 |  3.1
Armour         | 1 2 |  2.8
Spellcasting   | 3 |  3.0
Stealth        | |  2.1

Action                   |  1- 3 |  4- 6 |  7- 9 || total
-------------------------+-------+-------+-------++-------
Melee: Mace              |    79 |   327 |     3 ||   409
       Dagger            |     1 |       |       ||     1
       Punch             |       |     2 |       ||     2
 Cast: Sandblast         |    17 |    25 |       ||    42
       Stone Arrow       |       |     1 |       ||     1
 Stab: Sleeping          |     5 |     2 |       ||     7
Armor: Robe              |    33 |    25 |       ||    58
       Ring mail         |       |   360 |    30 ||   390
Dodge: Dodged            |    64 |   326 |    16 ||   406

Table legend: (Time is in decaauts)
 A = Elapsed time spent in this place.
 B = Non-inter-level travel time spent in this place.
 C = Inter-level travel time spent in this place.
 D = Time resting spent in this place.
 E = Time spent auto-exploring this place.
 F = Levels seen in this place.
 G = Mean time per level.
                   A        B        C        D        E       F      G
               +--------+--------+--------+--------+--------+-----+--------+
         Total |   3970 |   3944 |     26 |      0 |   2923 |   4 |  992.5 |
       Dungeon |   2973 |   2947 |     26 |      0 |   2266 |   3 |  991.0 |
         Sewer |    997 |    997 |      0 |      0 |    657 |   1 |  997.0 |
               +--------+--------+--------+--------+--------+-----+--------+

Top non-repeatable levels by time:
     D:2: 1244 daAuts
     D:1: 1242 daAuts
   Sewer: 997 daAuts
     D:3: 485 daAuts
